 Dungeon Crawl Stone Soup version 0.28.0-45-g0d030f2227 (webtiles) character file.

Game seed: 1073601673068792645

333 psko the Sneak (level 6, -6/29 HPs)
             Began as a Spriggan Conjurer on Apr 6, 2022.
             Was an Initiate of Yredelemnul.
             Killed by nerve-wracking pain
             ... invoked by an orc priest
              (10 damage)
             ... on level 4 of the Dungeon on Apr 9, 2022.
             The game lasted 00:28:45 (4626 turns).

psko the Sneak (Spriggan Conjurer)                  Turns: 4626, Time: 00:28:45

Health: -6/29      AC:  4    Str:  5    XL:     6   Next: 27%
Magic:  13/13      EV: 18    Int: 19    God:    Yredelemnul [......]
Gold:   142        SH:  0    Dex: 14    Spells: 12/13 levels left

rFire   + . .      SeeInvis +   e - +2 short sword (elec)
rCold   . . .      Faith    .   l - orb {mayhem}
rNeg    . . .      Spirit   .   j - +2 robe {rF+}
rPois   .          Reflect  .   (helmet restricted)
rElec   .          Harm     .   (no cloak)
rCorr   .          Rampage  .   (gloves unavailable)
Will    +....                   (boots unavailable)
Stlth   +++.......              (no amulet)
HPRegen 0.09/turn               (no ring)
MPRegen 0.13/turn               (no ring)

@: very quick
A: very small, no large weapons, unfitting armour, see invisible, speed 3
a: Renounce Religion, Recall Undead Harvest


You were on level 4 of the Dungeon.
You worshipped Yredelemnul.
Yredelemnul was noncommittal.
You visited 1 branch of the dungeon, and saw 4 of its levels.

You collected 142 gold pieces.

Inventory:

Hand Weapons
 b - a +0 club
 d - a +0 mace
 e - a +2 short sword of electrocution (weapon)
Missiles
 p - 4 poisoned darts
Armour
 a - a +0 robe
 j - a +2 robe of fire resistance (worn)
 l - an orb of mayhem (worn)
Scrolls
 c - a scroll of fog
 h - a scroll of vulnerability {unknown}
 i - a scroll of silence {unknown}
 k - a scroll of enchant weapon {unknown}
 n - a scroll of teleportation
 q - a scroll of noise {unknown}
Potions
 f - 2 potions of berserk rage
 g - 2 potions of might
 m - 2 potions of curing


   Skills:
 + Level 0.5 Fighting
 + Level 2.1 Short Blades
 + Level 3.9 Dodging
 + Level 4.4 Stealth
 + Level 4.3 Spellcasting
 + Level 4.2 Conjurations


You had 12 spell levels left.
You knew the following spells:

 Your Spells              Type           Power      Damage    Failure   Level
a - Magic Dart            Conj           80%        1d7       2%          1

Your spell library contained the following spells:

 Spells                   Type           Power      Damage    Failure   Level
 Searing Ray              Conj           40%        2d5       3%          2
 Freeze                   Ice            16%        1d4       13%         1
 Dazzling Flash           Conj/Hex       24%        N/A       17%         3
 Frozen Ramparts          Ice            8%         1d2       36%         3
 Gell's Gravitas          Tloc           4%         N/A       36%         3
 Teleport Other           Tloc           4%         N/A       36%         3
 Fulminant Prism          Conj/Hex       6%         3d7       50%         4
 Hailstorm                Conj/Ice       12%        3d5       50%         4
 Iskenderun's Mystic Bla  Conj/Tloc      12%        2d5       50%         4
 Dispersal                Tloc           2%         N/A       100%        6


Dungeon Overview and Level Annotations

Branches:
Dungeon (4/15)
 Temple: D:4-7

Altars:
Ashenzari
Trog
Yredelemnul


Innate Abilities, Weirdness & Mutations

You are very small and have problems with some larger weapons.
You are too small for most types of armour.
You have supernaturally acute eyesight. (SInv)
You cover ground extremely quickly. (Speed+++)


Message History

A hobgoblin comes into view. It is wielding a +0 spear.
You feel much better.
Unknown command.
You catch the helpless hobgoblin completely off-guard!
You puncture the hobgoblin!
You kill the hobgoblin!
A black mist starts to gather...
Things that are here:
a +0 spear; a scroll labelled JIOLOATS CAUN; 12 gold pieces The orc wizard hits your hobgoblin zombie with a +0 dagger.
The orc wizard casts a spell at you.
Your hobgoblin zombie appears confused.
The orc wizard hits your hobgoblin zombie with a +0 dagger.
Your hobgoblin zombie is destroyed!
You hit the orc priest.
The orc priest is lightly wounded.
You hit the orc. Lightning courses through the orc!
You kill the orc!
The orc priest casts a cantrip, but nothing happens.
You hit the orc priest.
The orc priest is moderately wounded.
The orc priest hits you with a +3 vampiric war axe!
* * * LOW HITPOINT WARNING * * *
The orc priest draws strength from your wounds!
You feel better.
The orc priest hits you with a +3 vampiric war axe!
* * * LOW HITPOINT WARNING * * *
You barely miss the orc priest.
The orc priest looks encouraged for a moment.
The orc wizard casts a spell.
The orc wizard flickers and vanishes for a moment.
You hit the orc priest but do no damage.
The orc priest hits you with a +3 vampiric war axe.
* * * LOW HITPOINT WARNING * * *
The orc wizard points at you and mumbles some strange words.
You resist with almost no effort.
The orc priest calls down the wrath of Beogh upon you.
Pain shoots through your body!
You die...
Your body rises from the dead as a mindless zombie.

... ##o..## #.###
##.....## #.#.##
##.......##
#....####o........###
#..)...o'.........'..
#..o.####.........###
#####.#o##
##.......##
#......o.# ##.....##
#.###.##@# ##...##
#.# #.##.# ##'## #.#
#.##.#### #.#
#Z###.......# #.#
#........##.#
##.#####
###########.#
##......# #Z###.....#
#...Z.....# #
#######...#.###


You could see an orc priest, an orc wizard (invisible) and an orc.

Vanquished Creatures
  A water moccasin skeleton (D:4)
  2 hounds (D:4)
  An orc wizard (D:3)
  5 gnolls (D:3)
  5 adders
  2 adder skeletons (D:4)
  2 dart slugs
  5 orcs
  8 bats
  5 endoplasms
  2 giant cockroaches
  3 goblins
  4 hobgoblins
  4 jackals (D:2)
  11 kobolds
  5 quokkas
  5 ball pythons
  A frilled lizard (D:2)
  4 rats
75 creatures vanquished.

Vanquished Creatures (collateral kills)
  An adder (D:2)
  3 dart slugs
  3 endoplasms
  A ball python (D:2)
  A goblin (D:2)
  A goblin zombie (D:4)
  2 kobolds
  A kobold zombie (D:3)
  A spectral endoplasm (D:3)
14 creatures vanquished.

Vanquished Creatures (others)
  2 hound zombies (D:4)
  An adder zombie (D:3)
  2 orc zombies (D:3)
  5 bat zombies
  A gnoll zombie (D:3)
  2 dart slug zombies (D:3)
  A hobgoblin zombie (D:4)
  A kobold zombie (D:4)
  3 quokka zombies
  2 fungi (D:1)
  2 plants (D:1)
22 creatures vanquished.

Grand Total: 111 creatures vanquished

Notes
Turn   | Place    | Note
-------+----------+-------------------------------------------
     0 | D:1      | psko the Spriggan Conjurer began the quest for the Orb.
     0 | D:1      | Reached XP level 1. HP: 9/9 MP: 5/5
   246 | D:1      | Reached XP level 2. HP: 8/13 MP: 3/6
   566 | D:1      | Found a faded altar of an unknown god.
   587 | D:1      | Prayed at the altar of an unknown god.
   587 | D:1      | Became a worshipper of Yredelemnul the Dark
   587 | D:1      | Reached * piety under Yredelemnul
  1156 | D:2      | Found a bloodstained altar of Trog.
  1240 | D:2      | Reached XP level 3. HP: 16/16 MP: 8/8
  1472 | D:2      | Reached ** piety under Yredelemnul
  1956 | D:2      | Reached XP level 4. HP: 14/21 MP: 7/9
  2508 | D:3      | Found a faded altar of an unknown god.
  2513 | D:3      | Found a broken altar of Ashenzari.
  2617 | D:3      | Reached skill level 1 in Short Blades
  3360 | D:3      | Reached XP level 5. HP: 17/24 MP: 3/11
  4464 | D:4      | Reached XP level 6. HP: 19/29 MP: 10/13
  4626 | D:4      | Killed from afar by an orc priest

Illustrated notes

Levels and vault maps discovered:
D:1:      psy_arrival_statuary, layout_rooms, shapermc_ecumenical_altar_petra,
          nrook_uturn, corexii_hall_statues_x, minmay_liquid_box, st_stairs_3
D:2:      layout_loops_corners, basic_altar, kennysheep_generic_room_16
D:3:      layout_basic, nicolae_overflow_ecumenical_swirl, minmay_surrounded
D:4:      layout_loops_corners, kennysheep_small_spiral, st_stairs_2, uniq_robin

Skill      XL: |  1  2  3  4  5  6 |
---------------+-------------------+-----
Conjurations   | 3 4 |  4.2
Dodging        | 3 |  3.9
Spellcasting   | 3 4 |  4.3
Short Blades   | 1 2 |  2.1
Stealth        | 4 |  4.4
Fighting       | |  0.5

Action                   |  1- 3 |  4- 6 || total
-------------------------+-------+-------++-------
Melee: Club              |    29 |       ||    29
       Short sword       |    42 |    51 ||    93
       Mace              |     5 |       ||     5
       Punch             |     3 |       ||     3
 Cast: Magic Dart        |    45 |    93 ||   138
  Use: Scroll            |       |     7 ||     7
       Potion            |       |     3 ||     3
 Stab: Sleeping          |     2 |       ||     2
       Distracted        |     1 |     1 ||     2
Armor: Robe              |     6 |     8 ||    14
Dodge: Dodged            |    57 |    54 ||   111
